Construct Section Command Post
Selects Indian Artillery Battlegroup
Construct Platoon Command Post
Unlock Bishop Self-propelled Artillery
Bishop Self-propelled Artillery
6-pounder Anti-tank Gun Team
Selects Gurkha Rifles Section
Bishop Self-propelled Artillery
Construct Company Command Post
Selects Artillery Saturation
Unlock M3 Grant Medium Tanks
Construct Field Infirmary
Selects Volunteer Infantry
Selects Off-map Airburst Barrage
Selects BL5.5 Artillery Emplacement